 Dungeon Crawl Stone Soup version 0.30-a0-643-g638baaf3f0 (webtiles) character file.

Game seed: 12252063148662543396

64 Morbidden the Digger (level 3, -1/32 HPs)
             Began as a Troll Earth Elementalist on Jan 16, 2023.
             Slain by a white imp (3 damage)
             ... summoned by Natasha
             ... on level 2 of the Dungeon.
             The game lasted 00:00:59 (692 turns).

Morbidden the Digger (Troll Earth Elementalist)      Turns: 692, Time: 00:00:59

Health: -1/32      AC:  8    Str: 16    XL:     3   Next: 91%
Magic:  3/4        EV:  9    Int: 13    God:
Gold:   104        SH:  0    Dex: 10    Spells: 3/4 levels left

rFire   . . .      SeeInvis .      - Unarmed
rCold   . . .      Faith    .    (no shield)
rNeg    . . .      Spirit   .    a - +0 robe
rPois   .          Reflect  .    (helmet restricted)
rElec   .          Harm     .    (no cloak)
rCorr   .          Rampage  .    (gloves unavailable)
Will    .....                    (boots unavailable)
Stlth   +                        (no amulet)
HPRegen 1.05/turn                f - +4 ring of protection
MPRegen 0.09/turn                (no ring)

@: brilliant
A: large, unfitting armour, claws 3, regeneration 1, shaggy fur 1, tough skin 1
a: no special abilities


You were on level 2 of the Dungeon.
You visited 1 branch of the dungeon, and saw 2 of its levels.

You collected 104 gold pieces.

Inventory:

Armour
 a - a +0 robe (worn)
Jewellery
 f - a +4 ring of protection (left claw)
Scrolls
 e - a scroll of torment {unknown}
 h - a scroll of amnesia {unknown}
Potions
 b - a potion of magic


   Skills:
 * Level 0.4 Fighting
 * Level 0.5 Armour
 * Level 1.7 Dodging
 + Level 1.0 Stealth
 * Level 1.0 Unarmed Combat
 * Level 1.4 Spellcasting
 * Level 1.1 Transmutations
 * Level 3.4 Earth Magic


You had 3 spell levels left.
You knew the following spells:

 Your Spells              Type           Power      Damage    Failure   Level
a - Sandblast             Erth           28%        2d8       7%          1

Your spell library contained the following spells:

 Spells                   Type           Power      Damage    Failure   Level
 Passwall                 Tmut/Erth      8%         N/A       16%         2
 Stone Arrow              Conj/Erth      16%        3d8       36%         3
 Petrify                  Tmut/Erth      10%        N/A       71%         4


Dungeon Overview and Level Annotations

Branches:
Dungeon (2/15)

Altars:
Gozag

Annotations:
D:2 Natasha


Innate Abilities, Weirdness & Mutations

You are too large for most types of armour.
You have claws for hands.
Your natural rate of healing is unusually fast.
You are covered in fur. (AC +1)
You have tough skin. (AC +1)


Message History

The quokka bites you but does no damage.
The white imp hits you but does no damage.
The crimson imp is attracted toward you.
Unknown command.
It was a potion of cancellation.
Your magical effects are unravelling.
You feel magically purged.
You feel yourself speed up.
The quokka bites you but does no damage.
Natasha hisses.
Natasha barely misses you. The crimson imp barely misses you.
The quokka bites you but does no damage.
The white imp hits you but does no damage.
Natasha claws you.
* * * LOW HITPOINT WARNING * * *
The crimson imp hits you but does no damage.
You feel less attractive to monsters.
Unknown command.
It was a potion of brilliance.
You feel clever all of a sudden. The quokka barely misses you.
The white imp gestures at you. The puff of frost hits you.
* * * LOW HITPOINT WARNING * * *
Natasha closely misses you. The crimson imp closely misses you.
Unknown command.
Unknown command.
Casting: Sandblast (safe; 7% risk of failure)
Confirm with . or Enter, or press ? or * to list all spells.
Aiming: Sandblast (safe; 7% risk of failure)
Press: ? - help, Shift-Dir - straight line, f - Natasha
Aim: Natasha, carrying a wand of flame (23) (severely wounded, 77% to hit)
You feel a surge of power!
The blast of sand hits Natasha.
Natasha is almost dead.
The quokka bites you.
* * * LOW HITPOINT WARNING * * *
The white imp hits you but does no damage.
Natasha claws you but does no damage. The quokka barely misses you.
The crimson imp closely misses you. The white imp hits you.
You die...

##.......
#.......
#..!....
#......#
#......#
#....S.+ #..h5r#
##..5@.#
#......#
#......#
#....$.#
#......#
#......#########
##..............
##......#####
...... ######.#
.......


You could see Natasha, a crimson imp (summoned), a white imp (summoned), a
quokka and a ball python.

Vanquished Creatures
  Natasha (D:2)
  An adder (D:2)
  2 dart slugs (D:1)
  4 bats (D:1)
  3 endoplasms (D:1)
  4 goblins (D:1)
  3 hobgoblins
  A quokka (D:1)
  A ball python (D:1)
  2 frilled lizards (D:1)
  A kobold (D:2)
  4 rats (D:1)
27 creatures vanquished.

Notes
Turn   | Place    | Note
-------+----------+-------------------------------------------
     0 | D:1      | Morbidden the Troll Earth Elementalist began the quest for
                  | the Orb.
     0 | D:1      | Reached XP level 1. HP: 16/16 MP: 1/1
   185 | D:1      | Reached skill level 3 in Earth Magic
   200 | D:1      | Reached XP level 2. HP: 23/24 MP: 2/2
   253 | D:1      | Reached skill level 1 in Transmutations
   438 | D:1      | Reached XP level 3. HP: 31/31 MP: 4/4
   537 | D:1      | Found an opulent altar of Gozag.
   641 | D:2      | Noticed Natasha
   647 | D:2      | Killed Natasha
   648 | D:2      | Reached skill level 1 in Unarmed Combat
   676 | D:2      | Noticed Natasha
   692 | D:2      | Slain by a white imp

Illustrated notes

Levels and vault maps discovered:
D:1:      dpeg_arrival_water_altar, layout_basic
D:2:      layout_rooms, shapermc_ecumenical_altar_starsandcircs, minivault_25,
          uniq_natasha

Skill      XL: |  1  2  3 |
---------------+----------+-----
Earth Magic    | 3 |  3.4
Transmutations | 1 |  1.1
Unarmed Combat | 1 |  1.0
Fighting       | |  0.4
Armour         | |  0.5
Dodging        | |  1.7
Stealth        | |  1.0
Spellcasting   | |  1.4

Action                   || total
-------------------------++-------
Melee: Unarmed           ||    71
 Cast: Sandblast         ||     1
  Use: Potion            ||     3
 Stab: Sleeping          ||     1
Armor: Robe              ||    39
Dodge: Dodged            ||    48

Table legend: (Time is in decaauts)
 A = Elapsed time spent in this place.
 B = Non-inter-level travel time spent in this place.
 C = Inter-level travel time spent in this place.
 D = Time resting spent in this place.
 E = Time spent auto-exploring this place.
 F = Levels seen in this place.
 G = Mean time per level.
                   A        B        C        D        E       F      G
               +--------+--------+--------+--------+--------+-----+--------+
         Total |    693 |    642 |     51 |      0 |    494 |   2 |  346.5 |
       Dungeon |    693 |    642 |     51 |      0 |    494 |   2 |  346.5 |
               +--------+--------+--------+--------+--------+-----+--------+

Top non-repeatable levels by time:
     D:1: 591 daAuts
     D:2: 102 daAuts
